 Dungeon Crawl Stone Soup version 0.28-b1-1-g3c77fb2ed1 (webtiles) character file.

Game seed: 10231097158833570942

3672 fishdoom the Cleaver (level 7, -1/66 HPs)
             Began as a Minotaur Fighter on Jan 28, 2022.
             Was a Believer of Ru.
             Killed from afar by an electric eel (3 damage)
             ... with a bolt of electricity
             ... on level 8 of the Dungeon.
             The game lasted 00:21:36 (7582 turns).

fishdoom the Cleaver (Minotaur Fighter)             Turns: 7582, Time: 00:21:37

Health: -1/66      AC: 17    Str: 24    XL:     7   Next: 89%
Magic:  6/6        EV:  8    Int:  5    God:    Ru [**....]
Gold:   423        SH:  5    Dex:  9    Spells: 6/6 levels left

rFire   . . .      SeeInvis .   F - +0 whip (vamp)
rCold   . . .      Faith    .   c - +0 buckler
rNeg    . . .      Spirit   .   B - +0 storm dragon scales
rPois   .          Reflect  .   (helmet restricted)
rElec   +          Harm     .   H - +0 cloak
rCorr   .          Rampage  .   o - +0 pair of gloves
Will    .....                   (no boots)
Stlth   ..........              (no amulet)
HPRegen 0.21/turn               l - ring of wizardry
MPRegen 0.10/turn               (no ring)

@: mighty
A: horns 2, inexperienced 1, retaliatory headbutt
a: Renounce Religion, Sacrifice Arcana, Sacrifice Drink, Sacrifice Durability,
Reject Sacrifices


You were on level 8 of the Dungeon.
You worshipped Ru.
Ru was pleased with you.
You visited 1 branch of the dungeon, and saw 8 of its levels.

You collected 423 gold pieces.

Inventory:

Hand Weapons
 a - a +0 war axe
 m - a +1 hand axe of electrocution
 s - a +2 war axe of draining
 t - a +0 whip of freezing
 u - a +1 spear of flaming
 F - a +0 vampiric whip (weapon)
 G - a +0 vorpal trident
 I - a +1 falchion of holy wrath
Missiles
 g - 2 throwing nets
 q - 13 poisoned darts (quivered)
Armour
 c - a +0 buckler (worn)
 o - a +0 pair of gloves (worn)
 B - +0 storm dragon scales (worn)
 H - a +0 cloak (worn)
Jewellery
 l - a ring of wizardry (left hand)
Wands
 y - a wand of iceblast (10)
 A - a wand of digging (6)
 E - a wand of flame (17)
 K - a wand of acid (5)
Scrolls
 e - 3 scrolls of silence
 h - 3 scrolls of teleportation {unknown}
 i - 2 scrolls of fog {unknown}
 r - 2 scrolls of blinking {unknown}
 v - a scroll of enchant armour {unknown}
 z - 2 scrolls of amnesia {unknown}
 C - a scroll of magic mapping {unknown}
 D - a scroll of torment {unknown}
Potions
 b - 2 potions of invisibility {unknown}
 d - 2 potions of might
 f - 4 potions of heal wounds
 j - 2 potions of curing
 k - a potion of berserk rage
 n - 3 potions of brilliance
 p - a potion of cancellation
 x - 2 potions of haste
 J - a potion of attraction {unknown}


   Skills:
 + Level 7.6 Fighting
 + Level 11.2(11.5) Axes
 + Level 3.9(8.2) Maces & Flails
 + Level 9.4 Armour
 + Level 2.2 Dodging
 + Level 1.0 Stealth
 + Level 5.7 Shields


You had 6 spell levels left.
You didn't know any spells.
Your spell library contained the following spells:

 Spells                   Type           Power      Damage    Failure   Level
 Ensorcelled Hibernation  Hex/Ice        0%         N/A       89%         2
 Passwall                 Tmut/Erth      0%         N/A       89%         2
 Gell's Gravitas          Tloc           0%         N/A       98%         3
 Lesser Beckoning         Tloc           0%         N/A       98%         3
 Swiftness                Air            0%         N/A       98%         3
 Teleport Other           Tloc           0%         N/A       98%         3
 Tukima's Dance           Hex            0%         N/A       98%         3
 Anguish                  Hex/Necr       0%         N/A       100%        4
 Animate Dead             Necr           0%         N/A       100%        4
 Dispersal                Tloc           0%         N/A       100%        6
 Enfeeble                 Hex            0%         N/A       100%        7
 Haunt                    Necr/Summ      0%         N/A       100%        7
 Infestation              Necr           0%         N/A       100%        8


Dungeon Overview and Level Annotations

Branches:
Dungeon (8/15)             Temple (0/1) D:4
   Lair: D:8-11

Altars:
Ashenzari
Dithmenos
Elyvilon
Gozag
Hepliaklqana
Qazlal
Ru
Uskayaw
Wu Jian
Zin


Innate Abilities, Weirdness & Mutations

You have a pair of horns on your head.
You are somewhat inexperienced. (-2 XL)
You reflexively headbutt those who attack you in melee.


Message History

The bolt of electricity hits the electric eel.
The electric eel completely resists.
The hound bites you but does no damage.
You whack the hound!
You feel better.
You kill the hound!
The electric eel shoots out a bolt of lightning at you!
The bolt of electricity hits you. You resist. The bolt of electricity hits you.
You resist.
The bolt of electricity hits the electric eel.
The electric eel completely resists.
The electric eel shoots out a bolt of lightning at you!
The bolt of electricity hits you. You resist.
* * * LOW HITPOINT WARNING * * *
The electric eel shoots out a bolt of lightning at you!
The bolt of electricity hits you. You resist.
* * * LOW HITPOINT WARNING * * *
The electric eel shoots out a bolt of lightning at you!
The bolt of electricity hits you. You resist.
* * * LOW HITPOINT WARNING * * *
The electric eel shoots out a bolt of lightning at you!
The bolt of electricity hits you. You resist.
* * * LOW HITPOINT WARNING * * *
The electric eel shoots out a bolt of lightning at you!
The bolt of electricity misses you.
The electric eel shoots out a bolt of lightning at you!
The bolt of electricity hits you. You resist.
* * * LOW HITPOINT WARNING * * *
The electric eel shoots out a bolt of lightning at you!
The bolt of electricity misses you.
Items here: )) ††.
The electric eel shoots out a bolt of lightning at you!
The bolt of electricity hits you. You resist.
* * * LOW HITPOINT WARNING * * *
Things that are here:
a +0 hand axe; a hound corpse; an orc corpse The electric eel shoots out a bolt of lightning at you!
The bolt of electricity hits you. You resist.
* * * LOW HITPOINT WARNING * * *
The electric eel shoots out a bolt of lightning at you!
The bolt of electricity hits you. You resist.
You die...

#.≈.≈≈≈≈≈.≈≈≈≈..
##...≈≈S.≈≈.≈....
....≈≈S.≈.≈....≈.
#####
#.≈....).S......
#...#
#...............
#.#.# ######)#.#.#.#.
#.#.# ##### #)#...#
#.#.# #...# #.###.#.#
#.#.###.#.###.@.....#
#.#.....#.......#.###
#.#############(#
#.#### #..<....#
#....####.#######
#......##.#
#....#.##.#
######.##.# #.##.#


You could see 2 electric eels.

Vanquished Creatures
  A troll (D:8)
  Sigmund (D:6)
  3 water moccasins
  A black bear (D:6)
  An orc warrior (D:6)
  A necrophage (D:5)
  5 ogres
  A centaur (D:7)
  A wolf (D:8)
  2 phantoms (D:6)
  3 bullfrogs
  4 scorpions
  2 jellies (D:5)
  A water moccasin skeleton (D:5)
  5 wights (D:7)
  2 centaur zombies (D:8)
  2 howler monkeys
  A bullfrog zombie (D:5)
  4 orc priests
  7 hounds
  2 bullfrog skeletons
  2 centaur skeletons
  2 iguanas
  8 orc wizards
  A hound zombie (D:5)
  A howler monkey zombie (D:5)
  A howler monkey skeleton (D:5)
  9 adders
  12 gnolls
  3 white imps
  An ufetubus (D:6)
  2 worms
  5 dart slugs
  19 orcs
  7 bats
  2 endoplasms
  4 giant cockroaches
  8 goblins
  7 hobgoblins
  14 jackals
  7 kobolds
  4 quokkas
  11 ball pythons
  A frilled lizard (D:2)
  8 rats
  A butterfly (D:4)
190 creatures vanquished.

Vanquished Creatures (others)
  4 orcs (D:8)
4 creatures vanquished.

Grand Total: 194 creatures vanquished

Notes
Turn   | Place    | Note
-------+----------+-------------------------------------------
     0 | D:1      | fishdoom the Minotaur Fighter began the quest for the Orb.
     0 | D:1      | Reached XP level 1. HP: 19/19 MP: 0/0
    93 | D:1      | Reached XP level 2. HP: 24/27 MP: 1/1
   120 | D:2      | Found a faded altar of an unknown god.
   466 | D:1      | Reached XP level 3. HP: 31/33 MP: 2/2
   833 | D:2      | Reached skill level 3 in Axes
  1079 | D:2      | Reached XP level 4. HP: 27/41 MP: 3/3
  1194 | D:2      | Found a hide-covered altar of Uskayaw.
  1209 | D:2      | Reached skill level 4 in Axes
  1209 | D:2      | Became a worshipper of Uskayaw the Reveller
  1375 | D:2      | Reached * piety under Uskayaw
  1685 | D:3      | Reached XP level 5. HP: 47/47 MP: 4/4
  1769 | D:3      | Reached ** piety under Uskayaw
  1898 | D:3      | Noticed a water moccasin
  1906 | D:3      | Killed a water moccasin
  1906 | D:3      | Reached *** piety under Uskayaw
  1907 | D:3      | Reached skill level 5 in Fighting
  1907 | D:3      | Reached skill level 5 in Armour
  1907 | D:3      | Reached skill level 1 in Dodging
  2104 | D:3      | Reached skill level 5 in Axes
  2104 | D:3      | Reached XP level 6. HP: 56/56 MP: 5/5
  2785 | D:4      | Found a sacrificial altar of Ru.
  2809 | D:4      | Fell from the grace of Uskayaw
  2809 | D:4      | Became a worshipper of Ru the Awakened
  2830 | D:4      | Found a staircase to the Ecumenical Temple.
  2848 | D:4      | HP: 2/56 [poisoned by a scorpion]
  3173 | D:4      | Found a white marble altar of Elyvilon.
  3349 | D:4      | Noticed a water moccasin
  3357 | D:4      | Killed a water moccasin
  3358 | D:4      | Reached skill level 6 in Axes
  3358 | D:4      | Reached XP level 7. HP: 38/61 MP: 6/6
  4003 | D:5      | Entered Level 5 of the Dungeon
  4043 | D:5      | Reached skill level 7 in Axes
  4100 | D:5      | Reached XP level 8. HP: 70/70 MP: 7/7
  4314 | D:5      | Found a shadowy altar of Dithmenos.
  4319 | D:5      | Gained mutation: You are somewhat inexperienced. (-2 XL)
                  | [Ru sacrifice]
  4319 | D:5      | Reached XP level 7. HP: 63/63 MP: 6/6
  4319 | D:5      | Reached XP level 6. HP: 57/57 MP: 5/5
  4319 | D:5      | Reached * piety under Ru
  4319 | D:5      | Reached ** piety under Ru
  4614 | D:5      | Found a hazy altar of Hepliaklqana.
  4885 | D:5      | Reached skill level 8 in Axes
  4989 | D:5      | Reached skill level 9 in Axes
  5063 | D:5      | Reached skill level 5 in Shields
  5362 | D:6      | Noticed Sigmund
  5366 | D:6      | Found a stormy altar of Qazlal.
  5384 | D:6      | Killed Sigmund
  5742 | D:6      | Reached XP level 7. HP: 46/64 MP: 6/6
  6205 | D:6      | Reached skill level 10 in Axes
  6473 | D:6      | Found an opulent altar of Gozag.
  6473 | D:6      | Found an ornate altar of the Wu Jian Council.
  6475 | D:6      | Found a glowing silver altar of Zin.
  6767 | D:7      | Reached skill level 11 in Axes
  6767 | D:7      | Reached skill level 1 in Stealth
  6782 | D:7      | Reached skill level 1 in Maces & Flails
  7344 | D:7      | Found a broken altar of Ashenzari.
  7517 | D:8      | Noticed a troll
  7558 | D:8      | Killed a troll
  7581 | D:8      | HP: 2/66 [electric eel/bolt of electricity (4)]
  7582 | D:8      | Killed from afar by an electric eel

Illustrated notes

Levels and vault maps discovered:
D:1:      ncdulo_smallfort, layout_loops_ring
D:2:      layout_rooms, basic_altar, ebering_ecumenical_altar_webs,
          minmay_misc_feat_pillars
D:3:      layout_loops_ring, kennysheep_cross_bottleneck,
          minmay_fractal_squares_5
D:4:      layout_loops_ring, mainiacjoe_overflow_24_doors,
          nicolae_ru_great_annihilating_truth, minmay_temple_entry_butterflies,
          nicolae_concentric_dashed_squares_mild, corexii_hall_statues_s
D:5:      minmay_bubble_buster, layout_loops_corners,
          mainiacjoe_overflow_small_starburst, pf_just_have_faith
D:6:      layout_loops_ring, nicolae_qazlal_scattered_showers,
          gammafunk_temple_overflow_claw, uniq_sigmund
D:7:      layout_basic, evilmike_ruin_ashenzari
D:8:      layout_basic, mainiacjoe_overflow_brackets,
          nicolae_overflow_hidden_temple, fedhas_altar_1, erik_lair_island,
          minmay_lindwurm_lava

Skill      XL: |  1  2  3  4  5  6  7 |
---------------+----------------------+-----
Fighting       | 4 5 7 |  7.6
Armour         | 4 5 8 9 |  9.4
Axes           | 3 4 5 9 11 | 11.2
Shields        | 4 5 |  5.7
Dodging        | 1 2 |  2.2
Stealth        | 1 |  1.0
Maces & Flails | 3 |  3.9

Action                   |  1- 3 |  4- 6 |  7- 9 || total
-------------------------+-------+-------+-------++-------
Melee: War axe           |    67 |   136 |   110 ||   313
       Headbutt          |     5 |    34 |    30 ||    69
       Hand axe          |       |    74 |       ||    74
       Whip              |       |       |    89 ||    89
Invok: Sacrifice Experie |       |     1 |       ||     1
  Use: Scroll            |       |     5 |     2 ||     7
       Potion            |       |       |     1 ||     1
 Stab: Paralysed         |       |     1 |       ||     1
Armor: Scale mail        |    38 |    47 |       ||    85
       Plate armour      |       |    38 |    75 ||   113
       Storm dragon scal |       |       |    37 ||    37
Dodge: Dodged            |    48 |    52 |    84 ||   184
Block: Buckler           |    24 |    32 |    47 ||   103
